 Dungeon Crawl Stone Soup version 0.30-a0-1053-gbd8d5ba0ad (webtiles) character file.

Game seed: 17291653338316204180

64890 jimonade the Thaumaturge (level 15, -1/119 HPs)
             Began as a Gnoll Warper on Apr 11, 2023.
             Was the Champion of Cheibriados.
             Slain by a two-headed ogre
             ... wielding a +0 giant spiked club
              (6 damage)
             ... on level 2 of the Orcish Mines.
             The game lasted 01:05:20 (18403 turns).

jimonade the Thaumaturge (Gnoll Warper)            Turns: 18403, Time: 01:05:20

Health: -1/119     AC: 16    Str: 31    XL:     15   Next: 14%
Magic:  4/30       EV: 22    Int: 28    God:    Cheibriados [******]
Gold:   1337       SH: 16    Dex: 30    Spells: 13/36 levels left

rFire   . . .      SeeInvis .    a - +7 Throatcutter {drain, coup de grace}
rCold   . . .      Faith    .    T - +1 kite shield {rPois}
rNeg    + . .      Spirit   .    l - +0 ring mail
rPois   +          Reflect  .    w - +1 helmet
rElec   +          Rampage  .    F - +0 cloak
rCorr   .                        f - +1 pair of gloves of Suteynan {rElec rN+ Str+2}
Will    ++...                    I - +1 pair of boots {Stlth+}
Stlth   ++++++                   K - amulet of regeneration
HPRegen 1.19/turn                n - ring of willpower
MPRegen 0.22/turn                g - +4 ring of slaying

@: on berserk cooldown, slowed, very slow
A: fangs 1, strong nose, distributed training
a: Renounce Religion, Bend Time, Temporal Distortion, Slouch, Step From Time


You were on level 2 of the Orcish Mines.
You worshipped Cheibriados.
Cheibriados was exalted by your worship.
You visited 4 branches of the dungeon, and saw 18 of its levels.
You also visited: Gauntlet.

You collected 1603 gold pieces.
You spent 266 gold pieces at shops.

Inventory:

Hand Weapons
 a - the +7 Throatcutter (weapon) {drain, coup de grace}
   (You took it off Terence on level 2 of the Dungeon)
 d - a +4 trident
Armour
 f - the +1 pair of gloves of Suteynan (worn) {rElec rN+ Str+2}
   (You found it in a Gauntlet)

   Str:       It affects your strength (+2).
   rElec:     It insulates you from electricity.
   rN:        It protects you from negative energy.
 l - a +0 ring mail (worn)
 w - a +1 helmet (worn)
 z - an orb of wrath
 F - a +0 cloak (worn)
 I - a +1 pair of boots of stealth (worn)
 T - a +1 kite shield of poison resistance (worn)
Jewellery
 c - a ring of flight
 g - a +4 ring of slaying (right hand)
 i - a ring of see invisible
 n - a ring of willpower (left hand)
 y - an amulet of reflection
 K - an amulet of regeneration (around neck)
 L - a ring of protection from fire
 M - a ring of ice
 X - a +5 ring of evasion
Wands
 q - a wand of light (10)
 t - a wand of iceblast (6)
 v - a wand of charming (12)
 G - a wand of digging (6)
 V - a wand of flame (15)
 W - a wand of polymorph (8)
Scrolls
 b - a scroll of fog
 e - 6 scrolls of amnesia
 h - 4 scrolls of enchant armour
 k - a scroll of magic mapping
 r - 2 scrolls of vulnerability
 D - 4 scrolls of fear
 E - 6 scrolls of teleportation
 N - a scroll of poison
 P - 6 scrolls of blinking
 R - 2 scrolls of brand weapon
 S - a scroll of acquirement {unknown}
 Y - 4 scrolls of enchant weapon
Potions
 j - 11 potions of curing
 m - 4 potions of flight
 p - 4 potions of attraction
 s - 4 potions of lignification
 A - a potion of magic
 B - 4 potions of brilliance
 C - a potion of cancellation
 J - a potion of might
 Q - a potion of resistance
 Z - 4 potions of mutation
Miscellaneous
 u - a lightning rod (4/4)
 H - a phial of floods
 U - a box of beasts


   Skills:
 + Level 11.2 Fighting
 + Level 10.2 Short Blades
 + Level 10.2 Long Blades
 + Level 10.2 Axes
 + Level 10.2 Maces & Flails
 + Level 11.2 Polearms
 + Level 10.2 Staves
 + Level 10.2 Ranged Weapons
 + Level 10.5 Throwing
 + Level 10.5 Armour
 + Level 11.2 Dodging
 + Level 10.2 Stealth
 + Level 10.2 Shields
 + Level 10.2 Unarmed Combat
 + Level 11.3 Spellcasting
 + Level 8.5 Conjurations
 + Level 8.5 Hexes
 + Level 8.5 Summonings
 + Level 8.5 Necromancy
 + Level 10.2 Translocations
 + Level 8.5 Transmutations
 + Level 8.5 Fire Magic
 + Level 8.5 Ice Magic
 + Level 8.5 Air Magic
 + Level 8.5 Earth Magic
 + Level 8.5 Poison Magic
 + Level 11.1 Invocations
 + Level 10.2 Evocations


You had 13 spell levels left.
You knew the following spells:

 Your Spells              Type           Power      Damage    Failure   Level
a - Blink                 Tloc           100%       N/A       1%          2
b - Lesser Beckoning      Tloc           100%       N/A       1%          2
c - Call Canine Familiar  Summ           59%        N/A       1%          3
d - Manifold Assault      Tloc           65%        N/A       1%          4
e - Iskenderun's Mystic   Conj/Tloc      62%        2d13      2%          4
f - Summon Lightning Spi  Summ/Air       59%        N/A       3%          4
g - Cause Fear            Hex            29%        N/A       3%          4

Your spell library contained the following spells:

 Spells                   Type           Power      Damage    Failure   Level
 Shock                    Conj/Air       100%       1d9       1%          1
 Summon Small Mammal      Summ           100%       N/A       1%          1
 Static Discharge         Conj/Air       100%       2-7/arc   1%          2
 Summon Guardian Golem    Hex/Summ       59%        N/A       1%          3
 Teleport Other           Tloc           65%        N/A       1%          3
 Vhi's Electric Charge    Tloc/Air       100%       N/A       1%          3
 Animate Armour           Summ/Erth      100%       N/A       3%          4
 Petrify                  Tmut/Erth      59%        N/A       3%          4
 Arcjolt                  Conj/Air       29%        1d39      9%          5
 Blade Hands              Tmut           29%        N/A       9%          5
 Metabolic Englaciation   Hex/Ice        29%        N/A       9%          5
 Iron Shot                Conj/Erth      29%        9d6       43%         6
 Statue Form              Tmut/Erth      39%        N/A       43%         6
 Dragon Form              Tmut           29%        N/A       95%         7
 Storm Form               Tmut/Air       29%        N/A       95%         7
 Infestation              Necr           29%        N/A       100%        8
 Maxwell's Capacitive Co  Air            29%        ∞         100%        8
 Dragon's Call            Summ           29%        N/A       100%        9


Dungeon Overview and Level Annotations

Branches:
Dungeon (10/15)            Temple (0/1) D:6            Lair (5/5) D:9
 Shoals (0/4) Lair:2        Snake (0/4) Lair:3        Slime (1/5) Lair:5
    Orc (2/2) D:9         Gauntlet (visited)
    Elf: Orc:2

Altars:
Cheibriados
Elyvilon
Fedhas
Hepliaklqana
Makhleb
Nemelex Xobeh
Okawaru
Qazlal
Sif Muna
Vehumet
Wu Jian
Jiyva
Lugonu

Shops:
D:3 =   Orc:2 ?

Portals:
Abyss: Lair:5

Annotations:
D:2 1 runed translucent door, Crazy Yiuf
Lair:3 3 runed translucent doors, relicbr's ghost, journeyman SpDe
Lair:4 exclusion: oklob plant


Innate Abilities, Weirdness & Mutations

You have very sharp teeth.
Your uncanny sense of smell can sniff out nearby items.
Your experience applies equally to all skills.


Message History

The troll closely misses you.
An iron troll comes into view.
Your lightning spire shoots out a bolt of lightning at the troll!
The bolt of electricity hits the troll!
You hit the two-headed ogre.
The two-headed ogre is moderately wounded.
The troll misses you. x2; You block the troll's attack.
The two-headed ogre hits your lightning spire with a +0 giant spiked club!!
The two-headed ogre hits your lightning spire with a +0 giant spiked club!
Your lightning spire is destroyed!
Your lightning spire disappears in a puff of smoke!
The ogre hits you with a +0 giant club.
* * * LOW HITPOINT WARNING * * *
The two-headed ogre completely misses you. x2
You block the two-headed ogre's attack. x2
You slice the ogre!!
You behead the ogre!
You kill the ogre!
Cheibriados thoroughly appreciates the change of pace.
You block the troll's attack. The troll closely misses you.
The troll misses you. The two-headed ogre misses you.
You block the two-headed ogre's attack.
You closely miss the two-headed ogre.
The two-headed ogre is moderately wounded.
You block the troll's attack. The troll claws you but does no damage.
The troll barely misses you.
The two-headed ogre hits you with a +0 giant club.
* * * LOW HITPOINT WARNING * * *
You block the two-headed ogre's attack.
The two-headed ogre completely misses you.
You block the two-headed ogre's attack.
You closely miss the two-headed ogre.
The two-headed ogre is moderately wounded.
You are no longer berserk.
You are exhausted.
You feel yourself slow down. You block the troll's attack.
The troll completely misses you. The troll closely misses you.
You block the two-headed ogre's attack. The two-headed ogre closely misses you.
The two-headed ogre misses you.
The two-headed ogre hits you with a +0 giant spiked club.
You die...

∆... ... ......# ##
......# ##.###.#....##
..###...#........#.
##..#................
#...........##....<..
.............)T......
............@O......
##.........OOOO.....
#....##.....T)O..T..
#....#.........O...
#............$)...
##................)
#..................
####.........#.#....).
##.##...##...........


You could see an iron troll, 4 two-headed ogres, 2 trolls and 3 ogres.

Vanquished Creatures
  Kirke (Lair:4)
  A quicksilver ooze (Gauntlet)
  A minotaur (Gauntlet)
  An ettin (Orc:1)
  Fannar (Lair:3)
  Erolcha (D:10)
  5 hydras
  A catoblepas (Lair:5)
  2 two-headed ogres (Orc:2)
  3 death scarabs (Gauntlet)
  2 thrashing horrors (Lair:5)
  Urug (Lair:2)
  A fire crab (shapeshifter) (Lair:5)
  2 skysharks (Lair:5)
  Lodul (D:10)
  A deep troll (Orc:2)
  2 spectral hydras (Gauntlet)
  A deep elf pyromancer (D:9)
  A necromancer (Gauntlet)
  3 ugly things
  A cyclops (D:9)
  An ice statue (Gauntlet)
  A black mamba (Lair:4)
  Maurice (D:10)
  6 elephants (Lair:2)
  14 cane toads
  A smoke demon (Lair:5)
  8 rime drakes
  6 komodo dragons
  An ancient zyme (Lair:5)
  A troll (D:10)
  4 polar bears
  A snapping turtle (Lair:2)
  5 dream sheep (Lair:4)
  32 blink frogs
  2 large abominations (Lair:5)
  A ynoxinul (Lair:5)
  2 shadows (D:9)
  35 yaks
  9 wyverns
  2 basilisks (Lair:3)
  2 hogs (Lair:4)
  A steam dragon (D:9)
  4 vampire mosquitoes
  A warg (Orc:2)
  A spectral cane toad (Gauntlet)
  3 nagas (Lair:3)
  5 small abominations (Lair:5)
  2 acid dragons (D:9)
  13 water moccasins
  2 black bears
  An ice beast (D:8)
  7 orc warriors
  2 sky beasts
  16 wolves
  20 ogres
  2 centaurs
  2 phantoms
  11 bullfrogs
  A gnoll sergeant (D:7)
  2 scorpions
  5 wights (D:8)
  A troll zombie (D:9)
  9 killer bees (D:10)
  2 electric eels
  3 howler monkeys
  3 hounds
  A jelly (Lair:5)
  8 orc priests
  A gnoll bouda (D:7)
  5 iguanas
  A sleepcap (D:4)
  Terence (D:2)
  11 orc wizards
  Natasha (thrice) (D:3)
  10 hell rats (Lair:3)
  7 ogre zombies (D:9)
  Robin (D:2)
  7 gnolls (D:7)
  5 adders
  A white imp (D:7)
  A dart slug (D:4)
  44 orcs
  3 endoplasms
  2 giant cockroaches
  17 goblins
  9 hobgoblins
  4 jackals (D:1)
  2 quokkas
  5 ball pythons
  4 bats
  5 frilled lizards
  5 goblin zombies (D:9)
  A hobgoblin skeleton (D:9)
  4 hobgoblin zombies (D:9)
  8 kobolds
  An orc skeleton (D:9)
  12 orc zombies (D:9)
  5 rats
481 creatures vanquished.

Vanquished Creatures (collateral kills)
  A hydra (Lair:2)
  An ogre mage (Orc:2)
  A two-headed ogre (Orc:2)
  A large abomination (Lair:5)
  2 smoke demons (Lair:5)
  3 cane toads
  3 rime drakes
  4 blink frogs
  A ynoxinul (Lair:5)
  2 wyverns
  4 basilisks (Lair:5)
  2 yaks
  A steam dragon (Lair:3)
  3 wargs
  2 small abominations (Lair:5)
  3 water moccasins
  A black bear (shapeshifter) (Lair:5)
  3 orc warriors
  4 ogres
  A wolf (Gauntlet)
  A bullfrog (Lair:3)
  5 jellies (Lair:5)
  3 orc priests
  3 orc wizards
  7 orcs
62 creatures vanquished.

Vanquished Creatures (others)
  A human (Lair:4)
  A hobgoblin skeleton (D:9)
  An orc zombie (D:9)
  24 fungi
  25 plants
52 creatures vanquished.

Grand Total: 595 creatures vanquished

Notes
Turn   | Place    | Note
-------+----------+-------------------------------------------
     0 | D:1      | jimonade the Gnoll Warper began the quest for the Orb.
     0 | D:1      | Reached XP level 1. HP: 20/20 MP: 6/6
   320 | D:1      | Reached XP level 2. HP: 24/26 MP: 7/7
   874 | D:2      | Noticed Robin
   923 | D:2      | Reached skill level 5 in Spellcasting
   923 | D:2      | Reached XP level 3. HP: 31/31 MP: 9/9
   961 | D:1      | Reached skill level 1 in Invocations
  1137 | D:2      | Killed Robin
  1138 | D:2      | Reached skill level 1 in Short Blades
  1138 | D:2      | Reached skill level 1 in Long Blades
  1138 | D:2      | Reached skill level 1 in Axes
  1138 | D:2      | Reached skill level 1 in Maces & Flails
  1138 | D:2      | Reached skill level 1 in Staves
  1138 | D:2      | Reached skill level 1 in Ranged Weapons
  1138 | D:2      | Reached skill level 1 in Stealth
  1138 | D:2      | Reached skill level 1 in Shields
  1138 | D:2      | Reached skill level 1 in Unarmed Combat
  1138 | D:2      | Reached skill level 1 in Evocations
  1272 | D:2      | Reached XP level 4. HP: 35/38 MP: 11/11
  1344 | D:2      | Found a blossoming altar of Fedhas.
  1636 | D:2      | Reached skill level 1 in Conjurations
  1636 | D:2      | Reached skill level 1 in Hexes
  1636 | D:2      | Reached skill level 1 in Summonings
  1636 | D:2      | Reached skill level 1 in Necromancy
  1636 | D:2      | Reached skill level 1 in Transmutations
  1636 | D:2      | Reached skill level 1 in Fire Magic
  1636 | D:2      | Reached skill level 1 in Ice Magic
  1636 | D:2      | Reached skill level 1 in Air Magic
  1636 | D:2      | Reached skill level 1 in Earth Magic
  1636 | D:2      | Reached skill level 1 in Poison Magic
  1682 | D:2      | Got the Excursus on Hurtful Shadows
  1711 | D:2      | Noticed Terence
  1835 | D:3      | Found Meiroyt's Jewellery Boutique.
  1867 | D:3      | Reached XP level 5. HP: 21/43 MP: 9/12
  1999 | D:3      | Noticed Natasha
  2013 | D:3      | Killed Natasha
  2132 | D:3      | Found a snail-covered altar of Cheibriados.
  2228 | D:3      | Noticed Natasha
  2240 | D:3      | Killed Natasha
  2313 | D:3      | Noticed Natasha
  2335 | D:3      | Killed Natasha
  2500 | D:3      | Found a radiant altar of Vehumet.
  2500 | D:3      | Found an ornate altar of the Wu Jian Council.
  2942 | D:3      | Became a worshipper of Cheibriados the Contemplative
  2958 | D:3      | Learned a level 2 spell: Blink
  2961 | D:3      | Learned a level 2 spell: Lesser Beckoning
  3232 | D:4      | Reached XP level 6. HP: 40/50 MP: 14/14
  3308 | D:4      | Reached skill level 5 in Fighting
  3308 | D:4      | Reached skill level 5 in Polearms
  3308 | D:4      | Reached skill level 5 in Dodging
  3655 | D:4      | Reached * piety under Cheibriados
  3961 | D:5      | Entered Level 5 of the Dungeon
  3969 | D:4      | Reached XP level 7. HP: 56/56 MP: 15/15
  4613 | D:6      | Reached XP level 8. HP: 59/63 MP: 16/16
  4760 | D:6      | Found a staircase to the Ecumenical Temple.
  4906 | D:6      | Found an iron altar of Okawaru.
  5145 | D:6      | Reached ** piety under Cheibriados
  5520 | D:7      | Noticed a wyvern
  5719 | D:8      | Reached XP level 9. HP: 62/69 MP: 18/18
  5908 | D:2      | Found a runed translucent door.
  5909 | D:2      | Noticed Crazy Yiuf
  6206 | D:2      | Found a blossoming altar of Fedhas.
  6240 | D:2      | Killed Terence
  6496 | D:2      | Found a runed translucent door.
  7136 | D:8      | Found a white marble altar of Elyvilon.
  7136 | D:8      | Found a shimmering blue altar of Sif Muna.
  7250 | D:8      | Reached skill level 5 in Throwing
  7250 | D:8      | Reached skill level 5 in Armour
  7524 | D:8      | Reached skill level 5 in Invocations
  7811 | D:9      | Noticed a deep elf pyromancer
  7812 | D:9      | Noticed a cyclops
  7840 | D:9      | Noticed a brown ugly thing
  7894 | D:9      | Reached *** piety under Cheibriados
  7909 | D:9      | Reached skill level 5 in Short Blades
  7909 | D:9      | Reached skill level 5 in Long Blades
  7909 | D:9      | Reached skill level 5 in Axes
  7909 | D:9      | Reached skill level 5 in Maces & Flails
  7909 | D:9      | Reached skill level 5 in Staves
  7909 | D:9      | Reached skill level 5 in Ranged Weapons
  7909 | D:9      | Reached skill level 5 in Stealth
  7909 | D:9      | Reached skill level 5 in Shields
  7909 | D:9      | Reached skill level 5 in Unarmed Combat
  7909 | D:9      | Reached skill level 5 in Evocations
  7909 | D:9      | Reached XP level 10. HP: 73/77 MP: 20/20
  7978 | D:9      | Reached **** piety under Cheibriados
  8039 | D:9      | Killed a deep elf pyromancer
  8055 | D:8      | Killed a brown ugly thing
  8080 | D:9      | Killed a cyclops
  8145 | D:10     | Entered Level 10 of the Dungeon
  8247 | D:9      | Found a burning altar of Makhleb.
  8319 | D:9      | Found a staircase to the Lair.
  8398 | D:9      | Found a staircase to the Orcish Mines.
  8490 | D:9      | Reached ***** piety under Cheibriados
  8512 | D:9      | Reached skill level 5 in Conjurations
  8512 | D:9      | Reached skill level 5 in Hexes
  8512 | D:9      | Reached skill level 5 in Summonings
  8512 | D:9      | Reached skill level 5 in Necromancy
  8512 | D:9      | Reached skill level 5 in Transmutations
  8512 | D:9      | Reached skill level 5 in Fire Magic
  8512 | D:9      | Reached skill level 5 in Ice Magic
  8512 | D:9      | Reached skill level 5 in Air Magic
  8512 | D:9      | Reached skill level 5 in Earth Magic
  8512 | D:9      | Reached skill level 5 in Poison Magic
  8520 | D:9      | Reached XP level 11. HP: 82/85 MP: 22/22
  8820 | D:9      | Found a sparkling altar of Nemelex Xobeh.
  8940 | D:7      | Found a hazy altar of Hepliaklqana.
  9265 | D:10     | Noticed Maurice
  9286 | D:10     | Killed Maurice
  9372 | D:10     | Noticed a white ugly thing
  9383 | D:10     | Killed a white ugly thing
  9428 | D:10     | Noticed Lodul
  9583 | D:10     | Noticed Erolcha
  9590 | D:10     | Killed Erolcha
  9671 | D:10     | Killed Lodul
  9834 | D:10     | Found a blossoming altar of Fedhas.
 10070 | Lair:1   | Entered Level 1 of the Lair of Beasts
 10306 | Lair:1   | Reached ****** piety under Cheibriados
 10440 | Lair:1   | Found a snail-covered altar of Cheibriados.
 10447 | Lair:1   | Reached XP level 12. HP: 94/94 MP: 24/24
 10474 | Lair:1   | Learned a level 3 spell: Call Canine Familiar
 10479 | Lair:1   | Learned a level 4 spell: Manifold Assault
 12228 | Lair:2   | Noticed Urug
 12235 | Lair:2   | Killed Urug
 12591 | Lair:2   | Noticed a five-headed hydra
 12597 | Lair:2   | Killed a ten-headed hydra
 12874 | Lair:2   | Found a staircase to the Shoals.
 12977 | Lair:3   | Found a staircase to the Snake Pit.
 13228 | Lair:3   | Reached XP level 13. HP: 98/101 MP: 24/26
 13261 | Lair:3   | Noticed Fannar
 13569 | Lair:3   | Found a runed translucent gate.
 13569 | Lair:3   | Found a runed translucent gate.
 13570 | Lair:3   | Found a runed translucent gate.
 13578 | Lair:3   | Noticed a minotaur
 13583 | Lair:3   | Noticed relicbr's ghost (journeyman SpDe)
 13808 | Lair:3   | Killed Fannar
 13809 | Lair:3   | Reached skill level 10 in Spellcasting
 13969 | Lair:4   | Found a gate leading to a gauntlet.
 13988 | Gauntlet | Entered a Gauntlet
 13988 | Gauntlet | Found a transporter.
 14000 | Gauntlet | Found a transporter.
 14000 | Gauntlet | Found a transporter.
 14001 | Gauntlet | Found a transporter.
 14009 | Gauntlet | Found a transporter.
 14012 | Gauntlet | Found a transporter.
 14013 | Gauntlet | Found a transporter.
 14024 | Gauntlet | Found a transporter.
 14025 | Gauntlet | Found a transporter.
 14025 | Gauntlet | Found a transporter.
 14030 | Gauntlet | Noticed a quicksilver ooze
 14031 | Gauntlet | Found a runed translucent door.
 14032 | Gauntlet | Found a runed translucent door.
 14033 | Gauntlet | Found a transporter.
 14036 | Gauntlet | Found a transporter.
 14037 | Gauntlet | Found a transporter.
 14041 | Gauntlet | Found a runed translucent door.
 14041 | Gauntlet | Found a runed translucent door.
 14045 | Gauntlet | Found a transporter.
 14342 | Gauntlet | Killed a quicksilver ooze
 14343 | Gauntlet | Reached skill level 10 in Fighting
 14343 | Gauntlet | Reached skill level 10 in Polearms
 14343 | Gauntlet | Reached skill level 10 in Dodging
 14343 | Gauntlet | Identified the +1 pair of gloves of Suteynan {rElec rN+
                  | Str+2}
 14415 | Gauntlet | Identified the +2 sling of Huynaol {freeze, rCorr}
 14543 | Gauntlet | Identified the +1 sling "Omedeo" {heavy, rN++ Str+2}
 14543 | Gauntlet | Noticed a minotaur
 14580 | Gauntlet | Killed a minotaur
 14974 | Lair:4   | Reached XP level 14. HP: 110/110 MP: 13/28
 15084 | Lair:4   | Reached skill level 10 in Invocations
 15291 | Lair:4   | Noticed Kirke
 15300 | Lair:4   | Killed Kirke
 15595 | Lair:5   | Entered Level 5 of the Lair of Beasts
 16318 | Lair:5   | Found a staircase to the Slime Pits.
 16339 | Lair:5   | Found a viscous altar of Jiyva.
 16397 | Lair:5   | Reached skill level 10 in Throwing
 16397 | Lair:5   | Reached skill level 10 in Armour
 16814 | Lair:5   | Found a stormy altar of Qazlal.
 17036 | Lair:5   | Learned a level 4 spell: Iskenderun's Mystic Blast
 17041 | Lair:5   | Learned a level 4 spell: Summon Lightning Spire
 17186 | Lair:5   | Reached skill level 10 in Translocations
 17240 | Lair:5   | Reached skill level 10 in Short Blades
 17240 | Lair:5   | Reached skill level 10 in Long Blades
 17240 | Lair:5   | Reached skill level 10 in Axes
 17240 | Lair:5   | Reached skill level 10 in Maces & Flails
 17240 | Lair:5   | Reached skill level 10 in Staves
 17240 | Lair:5   | Reached skill level 10 in Ranged Weapons
 17240 | Lair:5   | Reached skill level 10 in Stealth
 17240 | Lair:5   | Reached skill level 10 in Shields
 17240 | Lair:5   | Reached skill level 10 in Unarmed Combat
 17240 | Lair:5   | Reached skill level 10 in Evocations
 17300 | Lair:5   | Found a corrupted altar of Lugonu.
 17300 | Lair:5   | Found a one-way gate to the infinite horrors of the Abyss.
 17766 | Slime:1  | Entered Level 1 of the Pits of Slime
 17888 | Orc:1    | Entered Level 1 of the Orcish Mines
 18177 | Orc:1    | Learned a level 4 spell: Cause Fear
 18195 | Orc:2    | Entered Level 2 of the Orcish Mines
 18201 | Orc:2    | Reached XP level 15. HP: 106/118 MP: 22/30
 18215 | Orc:2    | Found Bavim's Magic Scroll Shop.
 18230 | Orc:2    | Bought a scroll of fog for 56 gold pieces
 18230 | Orc:2    | Bought a scroll of magic mapping for 105 gold pieces
 18230 | Orc:2    | Bought a scroll of blinking for 105 gold pieces
 18385 | Orc:2    | Paralysed by an ogre mage for 5 turns
 18399 | Orc:2    | HP: 6/178 [two-headed ogre/+0 giant spiked club (9)]
 18403 | Orc:2    | Slain by a two-headed ogre

Illustrated notes

Levels and vault maps discovered:
D:1:      onia_arrival_pentagram, layout_loops_ring
D:2:      layout_loops_cross, basic_altar, minmay_misc_feat_plants,
          uniq_terence, uniq_robin, uniq_crazy_yiuf_cottage
D:3:      layout_loops_corners, mainiacjoe_overflow_chevrons,
          mainiacjoe_overflow_divided_tiny, serial_shops, shop, uniq_natasha
D:4:      layout_gridville
D:5:      layout_rooms
D:6:      layout_basic, mainiacjoe_overflow_24_doors,
          minmay_temple_entry_junction_2
D:7:      layout_basic, old_standard_altar, amcnicky_mini_pool_small,
          eino_small_chamber_without_monster
D:8:      layout_loops_cross, gammafunk_temple_overflow_elements
D:9:      cheibrodos_elevator_heist, layout_loops_cross,
          mainiacjoe_overflow_small_starburst, kennysheep_mini_moat,
          lair_entry_dummy, zombieorc2_lemuel, special_room [special_room_orc],
          minmay_crystal_room, minmay_stone_trees_small
D:10:     layout_roguey, lemuel_doored_altar, uniq_lodul, uniq_maurice,
          uniq_erolcha
Lair:1:   layout_layer_cave, basic_altar, minivault_27, grunt_megastairs_3,
          serial_bayou_shore_a, lemuel_fruit_tree
Lair:2:   layout_regular_city, minmay_shoals_entry_hut, uniq_urug
Lair:3:   layout_roguey, guppyfry_snake_entry_garden,
          maelrawn_ghost_gauntlet_escape, special_room
          [special_room_mythical_zoo], minivault_26, uniq_fannar
Lair:4:   layout_hall_layers, gauntlet_entry_generic, lemuel_fruit_fields,
          serial_bayou_shore_b, uniq_kirke
Lair:5:   hellmonk_lair_end_abyssal_woods, layout_small_grid,
          nicolae_slime_entry_field_trip, basic_altar
Slime:1:  layout_caves, cheibrodos_slime_lost_civilization_5
Orc:1:    layout_caves
Orc:2:    st_orc_open, layout_caves, special_room, serial_shops,
          nicolae_shop_hallway_plus, shop, shop, mines5_lemuel

Skill      XL: |  1  2  3  4  5  6  7  8  9 10 11 12 13 14 15 |
---------------+----------------------------------------------+-----
Spellcasting   | 5 6 7 8 9 10 11 | 11.3
Invocations    | 1 2 3 4 5 6 7 8 9 10 11 | 11.1
Short Blades   | 1 2 3 5 6 7 8 9 10 | 10.2
Long Blades    | 1 2 3 5 6 7 8 9 10 | 10.2
Axes           | 1 2 3 5 6 7 8 9 10 | 10.2
Maces & Flails | 1 2 3 5 6 7 8 9 10 | 10.2
Staves         | 1 2 3 5 6 7 8 9 10 | 10.2
Ranged Weapons | 1 2 3 5 6 7 8 9 10 | 10.2
Stealth        | 1 2 3 5 6 7 8 9 10 | 10.2
Shields        | 1 2 3 5 6 7 8 9 10 | 10.2
Unarmed Combat | 1 2 3 5 6 7 8 9 10 | 10.2
Evocations     | 1 2 3 5 6 7 8 9 10 | 10.2
Conjurations   | 1 2 3 4 5 6 7 8 |  8.5
Hexes          | 1 2 3 4 5 6 7 8 |  8.5
Summonings     | 1 2 3 4 5 6 7 8 |  8.5
Necromancy     | 1 2 3 4 5 6 7 8 |  8.5
Transmutations | 1 2 3 4 5 6 7 8 |  8.5
Fire Magic     | 1 2 3 4 5 6 7 8 |  8.5
Ice Magic      | 1 2 3 4 5 6 7 8 |  8.5
Air Magic      | 1 2 3 4 5 6 7 8 |  8.5
Earth Magic    | 1 2 3 4 5 6 7 8 |  8.5
Poison Magic   | 1 2 3 4 5 6 7 8 |  8.5
Throwing       | 3 4 5 6 7 8 9 10 | 10.5
Armour         | 3 4 5 6 7 8 9 10 | 10.5
Fighting       | 5 6 7 8 9 10 11 | 11.2
Polearms       | 5 6 7 8 9 10 11 | 11.2
Dodging        | 5 6 7 8 9 10 11 | 11.2
Translocations | 6 7 8 9 10 | 10.2

Action                     |  1- 3 |  4- 6 |  7- 9 | 10-12 | 13-15 || total
---------------------------+-------+-------+-------+-------+-------++-------
  Melee: Spear             |    78 |       |       |       |       ||    78
         Bite              |     7 |    16 |    45 |    49 |    46 ||   163
         Punch             |     1 |     3 |     7 |       |       ||    11
         Dagger            |    30 |   214 |   210 |       |       ||   454
         War axe           |       |       |    25 |       |       ||    25
         Long sword        |       |       |    53 |   491 |   445 ||   989
         Flail             |       |       |       |       |    12 ||    12
  Throw: Boomerang         |       |     4 |       |       |       ||     4
         Dart              |       |       |     5 |       |       ||     5
   Cast: Lesser Beckoning  |       |       |     7 |     2 |     1 ||    10
         Blink             |       |       |     1 |     1 |     2 ||     4
         Manifold Assault  |       |       |       |    38 |    55 ||    93
         Call Canine Famil |       |       |       |    10 |    49 ||    59
         Summon Lightning  |       |       |       |       |    16 ||    16
  Evoke: Box of beasts     |       |       |       |     1 |     1 ||     2
         Phial of floods   |       |       |       |       |     1 ||     1
    Use: Scroll            |       |     5 |     4 |    12 |     5 ||    26
         Potion            |       |       |       |       |     4 ||     4
   Stab: Distracted        |       |       |     1 |     4 |     9 ||    14
         Sleeping          |       |       |     1 |     7 |     4 ||    12
 Armour: Ring mail         |    33 |    26 |    76 |    63 |   112 ||   310
         Chain mail        |       |    76 |       |       |       ||    76
  Dodge: Dodged            |    49 |   126 |   146 |   289 |   504 ||  1114
  Block: Buckler           |       |       |    21 |       |       ||    21
         Kite shield       |       |       |    22 |   308 |   438 ||   768

Table legend: (Time is in decaauts)
 A = Elapsed time spent in this place.
 B = Non-inter-level travel time spent in this place.
 C = Inter-level travel time spent in this place.
 D = Time resting spent in this place.
 E = Time spent auto-exploring this place.
 F = Levels seen in this place.
 G = Mean time per level.
                   A        B        C        D        E       F      G
               +--------+--------+--------+--------+--------+-----+--------+
         Total |  26471 |  23773 |   2698 |   1339 |  15763 |  19 | 1393.2 |
       Dungeon |  13345 |  11689 |   1656 |    483 |   7650 |  10 | 1334.5 |
          Lair |  11263 |  10256 |   1007 |    608 |   7251 |   5 | 2252.6 |
    Slime Pits |      1 |      1 |      0 |      0 |      0 |   1 |    1.0 |
  Orcish Mines |    831 |    797 |     34 |      0 |    582 |   2 |  415.5 |
      Gauntlet |   1029 |   1029 |      0 |    248 |    280 |   1 | 1029.0 |
               +--------+--------+--------+--------+--------+-----+--------+

Top non-repeatable levels by time:
  Lair:5: 2888 daAuts
  Lair:1: 2734 daAuts
     D:2: 2291 daAuts
  Lair:2: 2240 daAuts
     D:9: 1760 daAuts
  Lair:3: 1713 daAuts
  Lair:4: 1687 daAuts
     D:8: 1497 daAuts
     D:4: 1437 daAuts
    D:10: 1307 daAuts
     D:3: 1264 daAuts
     D:7: 1177 daAuts
Gauntlet: 1029 daAuts
     D:1: 992 daAuts
     D:6: 867 daAuts
